 Dungeon Crawl Stone Soup version 0.23.2-1-ga50397a (webtiles) character file.

Game seed: 15146660510557517503

6195 Leeroy the Destroyer (level 10, -1/83 HPs)
             Began as a Purple Draconian Conjurer on Apr 15, 2019.
             Was a Priest of Sif Muna.
             Shot with an arrow by a centaur (6 damage)
             ... on level 11 of the Dungeon.
             The game lasted 00:51:46 (13870 turns).

Leeroy the Destroyer (Purple Draconian Conjurer)   Turns: 13870, Time: 00:51:47

Health: -1/83      AC:  9    Str: 11    XL:     10   Next: 61%
Magic:  1/17       EV: 12    Int: 18    God:    Sif Muna [***...]
Gold:   453        SH:  0    Dex: 12    Spells: 0/19 levels left

rFire    + . .     SeeInvis .   e - +0 lajatang
rCold    + . .     Gourm    .   (shield currently unavailable)
rNeg     + . .     Faith    .   (armour unavailable)
rPois    .         Spirit   .   (helmet restricted)
rElec    .         Reflect  .   N - scarf {rC+ rF+}
rCorr    .         Harm     .   (no gloves)
MR       +....                  f - +1 pair of boots
Stlth    ++........             (no amulet)
HPRegen  0.23/turn              P - ring of positive energy
MPRegen  0.15/turn              (no ring)

@: about to teleport, short of breath, divine energy
A: breathe power, unfitting armour, cold-blooded, AC +7
a: Breathe Dispelling Energy, Stop Divine Energy, Channel Magic, Renounce
Religion


You were on level 11 of the Dungeon.
You worshipped Sif Muna.
Sif Muna was most pleased with you.
You were not hungry.

You visited 1 branch of the dungeon, and saw 11 of its levels.

You collected 453 gold pieces.

Inventory:

Hand Weapons
 c - a cursed +0 scimitar
 e - a +0 lajatang (weapon)
 g - a cursed +2 spear
 n - a +0 long sword
 t - a +0 rapier
 z - a +3 trident of freezing
 E - a +3 spear
 L - a +2 short sword
 M - a +4 dagger
 R - a +0 battleaxe
 T - a +0 blowgun
 V - a +2 whip of venom
 W - a +0 long sword
 Z - a +4 morningstar
Missiles
 a - 69 bolts
 j - 357 stones (quivered)
 l - 5 javelins of returning
 m - 100 arrows
 A - 57 poisoned needles
 Q - 79 sling bullets
Armour
 f - a +1 pair of boots (worn)
 s - a +0 large shield
 C - a +1 shield
 J - a +0 buckler
 N - a scarf of resistance (worn)
Jewellery
 y - a cursed -3 ring of dexterity
 P - a ring of positive energy (left hand)
Wands
 r - a wand of iceblast (6)
 H - a wand of disintegration (14)
 X - a wand of flame (38)
Scrolls
 h - 2 scrolls of enchant armour
 i - 3 scrolls of remove curse
 k - a scroll of fog {unknown}
 p - 2 scrolls of teleportation
 q - a scroll of random uselessness {unknown}
 u - a scroll of noise {unknown}
 v - a scroll of immolation {unknown}
 w - 3 scrolls of fear
 x - 3 scrolls of identify
 B - 5 scrolls of amnesia {unknown}
 D - a scroll of enchant weapon {unknown}
 F - a scroll of blinking {unknown}
 G - a scroll of holy word {unknown}
 O - a scroll of magic mapping {unknown}
Potions
 d - a potion of brilliance
 o - a potion of haste
 I - a potion of curing
 K - 2 potions of agility {unknown}
 S - a potion of might
 U - a potion of flight
 Y - 2 potions of ambrosia {unknown}
Comestibles
 b - 9 rations


   Skills:
 - Level 6.0 Fighting
 - Level 5.2 Long Blades
 - Level 5.2 Staves
 - Level 1.7 Dodging
 - Level 1.7 Stealth
 - Level 5.0 Spellcasting
 - Level 9.0 Conjurations
 - Level 7.7 Hexes
 - Level 5.0 Translocations
 + Level 3.4 Invocations


You couldn't memorise any spells.
You knew the following spells:

 Your Spells              Type           Power        Failure   Level  Hunger
a - Magic Dart            Conj           ####         1%          1    None
b - Searing Ray           Conj           #####.       1%          2    #......
c - Dazzling Spray        Conj/Hex       ####..       1%          3    ##.....
d - Blink                 Tloc           N/A          2%          2    #......
e - Iskenderun's Mystic   Conj           #####...     3%          4    ####...
f - Fulminant Prism       Conj/Hex       ####......   4%          4    ####...
g - Slow                  Hex            ####....     1%          2    #......
h - Summon Small Mammal   Summ           #...         13%         1    None

Your spell library contained the following spells:

 Spells                   Type           Power        Failure   Level  Hunger
 Apportation              Tloc           ###...       1%          1    None
 Confusing Touch          Hex            ####..       1%          1    None
 Conjure Flame            Conj/Fire      ###.....     6%          3    ##.....
 Force Lance              Conj/Tloc      ####....     8%          4    ####...
 Mephitic Cloud           Conj/Pois/Air  ###.....     12%         3    ##.....
 Animate Skeleton         Necr           N/A          13%         1    None
 Call Imp                 Summ           #.......     21%         2    #......


Dungeon Overview and Level Annotations

Branches:
Dungeon (11/15)            Temple (0/1) D:7
   Lair: D:8-11         Orc: D:9-12

Altars:
Qazlal
Sif Muna
Uskayaw
Vehumet
Yredelemnul

Shops:
D:10 :

Annotations:
D:4 Dowan, Duvessa


Innate Abilities, Weirdness & Mutations

You can breathe bolts of dispelling energy.
Your rich purple scales are hard. (AC +7)
You cannot fit into any form of body armour.
You are cold-blooded and may be slowed by cold attacks.


Message History

Your rat's corpse disappears in a puff of smoke!
You feel somewhat more hungry.
A centaur comes into view.
The centaur wields a +0 shortbow.
The centaur shoots an arrow.
The arrow hits your rat!
Your rat dies!
Your rat's corpse disappears in a puff of smoke!
Something hits you.
* * * LOW HITPOINT WARNING * * *
It was a potion of curing.
You feel better. Something hits you.
* * * LOW HITPOINT WARNING * * *
The centaur shoots an arrow.
The arrow barely misses you.
As you read the scroll of teleportation, it crumbles to dust.
You feel strangely unstable.
The centaur shoots an arrow.
The arrow hits you.
* * * LOW HITPOINT WARNING * * *
Something hits you but does no damage.
You feel better. Something hits you.
* * * LOW HITPOINT WARNING * * *
The centaur shoots an arrow.
The arrow hits you.
You die...

#......... # #.........
#c #......... .###
#......... ..# .........
#.# #........ #@#
#......#
######.########.....###
........................
.).........<............
..............###....!..
...................#####
.########......###.#
#......## .# #...#..# ##


You could see a centaur.

Vanquished Creatures
  A two-headed ogre (D:8)
  A deep elf mage (D:8)
  2 trolls (D:10)
  Sigmund (D:3)
  Eustachio (D:5)
  5 yaks (D:9)
  A vampire (D:9)
  Menkaure (D:6)
  2 orc warriors
  2 black bears (D:8)
  2 phantoms
  3 ice beasts
  3 ogres
  2 centaurs
  2 big kobolds
  3 bullfrogs
  A scorpion (D:9)
  10 wights
  2 howler monkeys (D:8)
  3 crimson imps
  A quasit (D:10)
  2 bullfrog skeletons
  2 jellies
  8 orc wizards
  4 orc priests
  3 hounds
  7 iguanas
  7 worker ants
  A hound zombie (D:7)
  A hound skeleton (D:7)
  A worker ant zombie (D:7)
  12 adders
  An ooze (D:1)
  2 adder skeletons
  An adder zombie (D:7)
  3 worms
  3 dart slugs (D:1)
  5 leopard geckos
  22 orcs
  3 bats
  8 giant cockroaches
  9 goblins
  9 hobgoblins
  9 jackals
  8 kobolds
  5 quokkas
  A ball python (D:3)
  10 frilled lizards
  2 leopard gecko skeletons
  A leopard gecko zombie (D:8)
  2 quokka skeletons
  6 rats
207 creatures vanquished.

Vanquished Creatures (others)
  37 fulminant prisms
37 creatures vanquished.

Grand Total: 244 creatures vanquished

Notes
Turn   | Place    | Note
-------+----------+-------------------------------------------
     0 | D:1      | Leeroy the Draconian Conjurer began the quest for the Orb.
     0 | D:1      | Reached XP level 1. HP: 14/14 MP: 3/3
    62 | D:1      | Reached XP level 2. HP: 13/20 MP: 5/5
    78 | D:1      | Learned a level 2 spell: Searing Ray
   267 | D:1      | Reached skill level 5 in Conjurations
   269 | D:1      | Reached XP level 3. HP: 19/26 MP: 6/6
   274 | D:1      | Learned a level 3 spell: Dazzling Spray
   956 | D:2      | Reached XP level 4. HP: 16/33 MP: 3/7
  1863 | D:3      | Reached skill level 6 in Conjurations
  1932 | D:3      | Noticed Sigmund
  1963 | D:3      | Killed Sigmund
  1963 | D:3      | Reached XP level 5. HP: 13/38 MP: 2/11
  1963 | D:3      | Reached XP level 6. HP: 16/45 MP: 2/12
  2314 | D:3      | Learned a level 2 spell: Blink
  2319 | D:3      | Learned a level 4 spell: Iskenderun's Mystic Blast
  2331 | D:3      | Found a deep blue altar of Sif Muna.
  2339 | D:3      | Became a worshipper of Sif Muna the Loreminder
  2505 | D:3      | Reached skill level 1 in Fighting
  3441 | D:4      | Reached skill level 1 in Translocations
  3892 | D:4      | Reached skill level 1 in Hexes
  4187 | D:4      | Reached * piety under Sif Muna
  4279 | D:4      | Your scales start taking on a rich purple colour.
  4279 | D:4      | Reached XP level 7. HP: 24/52 MP: 1/14
  4356 | D:4      | Noticed Dowan
  4358 | D:4      | Noticed Duvessa
  5234 | D:5      | Entered Level 5 of the Dungeon
  5298 | D:5      | Noticed Eustachio
  6374 | D:5      | Reached skill level 5 in Spellcasting
  6381 | D:5      | Learned a level 4 spell: Fulminant Prism
  6658 | D:5      | Killed Eustachio
  7121 | D:6      | Found a stormy altar of Qazlal.
  7149 | D:6      | Noticed Menkaure
  7182 | D:6      | Killed Menkaure
  7540 | D:6      | Reached skill level 5 in Fighting
  7665 | D:6      | Reached XP level 8. HP: 17/70 MP: 4/15
  7986 | D:6      | Noticed an angel
  7986 | D:6      | You fall through a shaft!
  8019 | D:7      | Found a radiant altar of Vehumet.
  8103 | D:7      | Reached skill level 1 in Long Blades
  8698 | D:7      | Found a staircase to the Ecumenical Temple.
  8759 | D:7      | Found a hide-covered altar of Uskayaw.
  9093 | D:7      | You fall through a shaft for 3 floors!
  9093 | D:10     | Entered Level 10 of the Dungeon
  9200 | D:10     | Reached skill level 5 in Long Blades
  9301 | D:10     | Found Giogrum's Book Shop.
  9515 | D:10     | Reached XP level 9. HP: 61/75 MP: 16/16
  9589 | D:10     | Noticed a troll
  9932 | D:9      | Reached skill level 5 in Staves
 10228 | D:9      | Reached skill level 5 in Hexes
 10237 | D:9      | Found a basalt altar of Yredelemnul.
 10281 | D:8      | Reached ** piety under Sif Muna
 10820 | D:8      | Noticed a two-headed ogre
 10844 | D:8      | Killed a two-headed ogre
 10844 | D:8      | Reached skill level 8 in Conjurations
 11017 | D:8      | Reached XP level 10. HP: 77/83 MP: 12/17
 11024 | D:8      | Reached *** piety under Sif Muna
 11129 | D:8      | Learned a level 2 spell: Slow
 11132 | D:8      | Learned a level 1 spell: Summon Small Mammal
 11204 | D:8      | Noticed a deep elf mage
 11250 | D:8      | Reached skill level 9 in Conjurations
 11353 | D:8      | Killed a deep elf mage
 12333 | D:9      | Reached skill level 5 in Translocations
 13411 | D:10     | Reached skill level 1 in Invocations
 13867 | D:11     | HP: 1/83 [something (6)]
 13870 | D:11     | Shot with an arrow by a centaur

Skill      XL: |  1  2  3  4  5  6  7  8  9 10 |
---------------+-------------------------------+-----
Conjurations   | 5 6 8 9 |  9.0
Spellcasting   | 4 5 |  5.0
Fighting       | 1 5 6 |  6.0
Translocations | 2 5 |  5.0
Hexes          | 3 6 7 |  7.7
Long Blades    | 5 |  5.2
Staves         | 3 5 |  5.2
Invocations    | 3 |  3.4
Dodging        | |  1.7
Stealth        | |  1.7

Action                   |  1- 3 |  4- 6 |  7- 9 | 10-12 || total
-------------------------+-------+-------+-------+-------++-------
Melee: Short sword       |    94 |     1 |       |       ||    95
       Unarmed           |     4 |       |       |       ||     4
       Tailslap          |    12 |    15 |    25 |    21 ||    73
       Rapier            |       |   145 |    61 |       ||   206
       Lajatang          |       |       |   211 |   190 ||   401
       Long sword        |       |       |    15 |       ||    15
Throw: Stone             |       |     2 |     2 |     2 ||     6
 Cast: Magic Dart        |    18 |     4 |    11 |       ||    33
       Searing Ray       |     4 |     7 |    23 |     4 ||    38
       Dazzling Spray    |       |     5 |    15 |     3 ||    23
       Blink             |       |     5 |    15 |     8 ||    28
       Iskenderun's Myst |       |     3 |    12 |     4 ||    19
       Fulminant Prism   |       |       |    24 |    13 ||    37
       Slow              |       |       |       |     8 ||     8
       Summon Small Mamm |       |       |       |     7 ||     7
Invok: Divine Energy     |       |       |     1 |       ||     1
 Abil: Breathe Dispellin |       |       |       |     3 ||     3
  Use: Potion            |       |     1 |     9 |     3 ||    13
       Scroll            |       |       |     7 |     2 ||     9
 Stab: Invisible         |       |     2 |       |       ||     2
       Sleeping          |       |     3 |     4 |     2 ||     9
  Eat: Chunk             |     1 |     8 |    14 |     7 ||    30
       Ration            |       |     1 |     5 |     2 ||     8
Armor: Skin              |    46 |    54 |   140 |    86 ||   326
Dodge: Dodged            |    89 |   105 |   246 |    83 ||   523
       Rpst.: Long sword |       |       |     4 |       ||     4
